 Dungeon Crawl Stone Soup version 0.30-a0-1075-gcd70e7a56d (webtiles) character file.

Game seed: 4787098615956883788

91 Pimp the Trooper (level 4, 0/35 HPs)
             Began as a Demonspawn Wanderer on Apr 14, 2023.
             Shot with a sling bullet by a hobgoblin (7 damage)
             ... on level 2 of the Dungeon.
             The game lasted 00:05:59 (1945 turns).

Pimp the Trooper (Demonspawn Wanderer)              Turns: 1945, Time: 00:05:59

Health: 0/35       AC:  3    Str: 14    XL:     4   Next: 34%
Magic:  6/7        EV: 12    Int: 16    God:
Gold:   42         SH:  0    Dex: 10    Spells: 7/8 levels left

rFire   + . .      SeeInvis .    j - +2 dagger (venom)
rCold   . . .      Faith    .    (no shield)
rNeg    . . .      Spirit   .    c - +0 robe
rPois   .          Reflect  .    (no helmet)
rElec   .          Rampage  .    i - +0 cloak
rCorr   .                        (no gloves)
Will    +....                    (no boots)
Stlth   +                        (no amulet)
HPRegen 0.25/turn                e - ring of protection from fire
MPRegen 0.10/turn                m - ring of willpower

@: no status effects
A: foul stench 1
a: no special abilities


You were on level 2 of the Dungeon.
You visited 1 branch of the dungeon, and saw 2 of its levels.

You collected 42 gold pieces.

Inventory:

Hand Weapons
 a - a +0 club
 f - a +0 short sword
 j - a +2 dagger of venom (weapon)
Armour
 c - a +0 robe (worn)
 i - a +0 cloak (worn)
Jewellery
 e - a ring of protection from fire (left hand)
 m - a ring of willpower (right hand)
Scrolls
 b - a scroll of fear
 k - 4 scrolls of teleportation
Potions
 d - a potion of attraction
 g - a potion of mutation {unknown}
 h - a potion of resistance {unknown}
 l - a potion of might {unknown}


   Skills:
 + Level 3.5 Fighting
 + Level 1.8 Armour
 + Level 1.8 Dodging
 + Level 2.5 Spellcasting
 + Level 2.7 Summonings


You had 7 spell levels left.
You knew the following spells:

 Your Spells              Type           Power      Damage    Failure   Level
a - Summon Small Mammal   Summ           40%        N/A       6%          1

Your spell library contained the following spells:

 Spells                   Type           Power      Damage    Failure   Level
 Call Canine Familiar     Summ           10%        N/A       19%         3
 Beastly Appendage        Tmut           4%         N/A       21%         1
 Poisonous Vapours        Pois/Air       4%         N/A       30%         2
 Inner Flame              Hex/Fire       2%         N/A       52%         3


Dungeon Overview and Level Annotations

Branches:
Dungeon (2/15)

Altars:

Shops:
D:2 =


Innate Abilities, Weirdness & Mutations

You may rarely emit foul miasma when damaged in melee.


Message History

HP restored.
A dart slug comes into view.
The helpless dart slug fails to defend itself.
You hit the dart slug.
The dart slug is poisoned.
The dart slug is heavily wounded.
The dart slug barely misses you.
You hit the dart slug.
You kill the dart slug!
Found a scroll of teleportation.
k - 4 scrolls of teleportation (gained 1)
A hobgoblin comes into view. It is wielding a +0 sling.
The hobgoblin shouts!
The hobgoblin shoots a sling bullet.
The sling bullet hits you.
Casting: Summon Small Mammal (safe; 6% risk of failure)
Confirm with . or Enter, or press ? or * to list all spells.
The hobgoblin shoots a sling bullet.
The sling bullet hits you.
Casting: Summon Small Mammal (safe; 6% risk of failure)
Confirm with . or Enter, or press ? or * to list all spells.
The hobgoblin shoots a sling bullet.
The sling bullet hits you.
The hobgoblin shoots a sling bullet.
The sling bullet hits you.
The hobgoblin unwields a +0 sling.
The hobgoblin closely misses your bat.
Your bat hits the hobgoblin.
Your bat closely misses the hobgoblin.
Your bat hits the hobgoblin but does no damage.
The hobgoblin wields a +0 sling.
The hobgoblin shoots a sling bullet.
The sling bullet hits your bat.
Your bat hits the hobgoblin.
The hobgoblin shoots a sling bullet.
The sling bullet hits you.
You swap places.
Found 18 gold pieces.
Your bat misses the hobgoblin.
The hobgoblin shoots a sling bullet.
The sling bullet misses your bat. The sling bullet hits you.
Your bat barely misses the hobgoblin.
The hobgoblin shoots a sling bullet.
The sling bullet misses your bat. The sling bullet hits you.
* * * LOW HITPOINT WARNING * * *
The hobgoblin shoots a sling bullet.
The sling bullet hits your rat.
Your rat bites the hobgoblin but does no damage.
The hobgoblin shoots a sling bullet.
The sling bullet closely misses your rat.
The sling bullet barely misses your bat.
The sling bullet hits you!
You die...

....####.###.#.###.# ..# #######
###.##....)......#.####.###.†#...
#.##.#....†#.#.#...##.##..#_#..
###.##.#..####.....#.##.##.#.##..
.......#..# ##..........#.......
.)........# #...######.#########
##.######.# #..##......# # #.#
#.# ##.###.##.#.# ####### ##.#
#.###.##@###.##.# #...... #..#
#.##rb...##.###.# #.##### #..#
#.#g######.## #.# #.# # #..#
#.........## #.###.##### #..#
#####.....# #.|........
#..#############..# #.#...#####
..†........# #..#####.#.######
#..#######.# #...............#
...#### #.# #...###..#..###.#


You could see a hobgoblin (ally target), a friendly bat (summoned) and a
friendly rat (summoned).

Vanquished Creatures
  2 adders (D:2)
  A dart slug (D:2)
  4 ball pythons
  2 endoplasms
  2 giant cockroaches
  5 hobgoblins
  10 jackals
  2 quokkas
  3 bats
  5 frilled lizards
  4 kobolds
  3 rats
43 creatures vanquished.

Vanquished Creatures (collateral kills)
  A gnoll (D:1)
  A worm (D:2)
  An endoplasm (D:1)
  2 goblins
  A hobgoblin (D:1)
  2 kobolds (D:1)
  A frilled lizard (D:1)
  2 rats
11 creatures vanquished.

Grand Total: 54 creatures vanquished

Notes
Turn   | Place    | Note
-------+----------+-------------------------------------------
     0 | D:1      | Pimp the Demonspawn Wanderer began the quest for the Orb.
     0 | D:1      | Pimp set off with the following items: a +0 club, a scroll
                  | of fear, a +0 robe, a potion of attraction; and the
                  | following spells available to memorise: Summon Small
                  | Mammal, Beastly Appendage, Call Canine Familiar, Poisonous
                  | Vapours, Inner Flame.
     0 | D:1      | Reached XP level 1. HP: 18/18 MP: 3/3
   134 | D:1      | Learned a level 1 spell: Summon Small Mammal
   321 | D:1      | Gained mutation: You may rarely emit foul miasma when
                  | damaged in melee. [demonic ancestry]
   321 | D:1      | Reached XP level 2. HP: 23/24 MP: 5/5
   691 | D:1      | Reached XP level 3. HP: 29/29 MP: 4/6
  1386 | D:2      | Found a faded altar of an unknown god.
  1552 | D:2      | Found Caahoroxt's Jewellery Shop.
  1596 | D:2      | Reached XP level 4. HP: 32/35 MP: 7/7
  1945 | D:2      | Shot with a sling bullet by a hobgoblin

Illustrated notes

Levels and vault maps discovered:
D:1:      lemuel_arrival_hallway, layout_loops_ring
D:2:      layout_loops_ring, serial_shops, nicolae_shop_stone,
          ebering_ecumenical_altar_rust, minmay_cut_off

Action                     |  1- 3 |  4- 6 || total
---------------------------+-------+-------++-------
  Melee: Short sword       |    63 |       ||    63
         Punch             |     1 |       ||     1
         Dagger            |    68 |    28 ||    96
   Cast: Summon Small Mamm |    11 |    12 ||    23
    Use: Scroll            |     1 |       ||     1
   Stab: Sleeping          |       |     1 ||     1
 Armour: Robe              |    33 |     9 ||    42
  Dodge: Dodged            |    82 |    17 ||    99

Table legend: (Time is in decaauts)
 A = Elapsed time spent in this place.
 B = Non-inter-level travel time spent in this place.
 C = Inter-level travel time spent in this place.
 D = Time resting spent in this place.
 E = Time spent auto-exploring this place.
 F = Levels seen in this place.
 G = Mean time per level.
                   A        B        C        D        E       F      G
               +--------+--------+--------+--------+--------+-----+--------+
         Total |   1942 |   1940 |      2 |    421 |   1070 |   2 |  971.0 |
       Dungeon |   1942 |   1940 |      2 |    421 |   1070 |   2 |  971.0 |
               +--------+--------+--------+--------+--------+-----+--------+

Top non-repeatable levels by time:
     D:1: 1135 daAuts
     D:2: 807 daAuts
